 Dungeon Crawl Stone Soup version 0.19.4 (webtiles) character file.

37 Naow the Conjurer (level 3, -3/19 HPs)
             Began as a Deep Elf Conjurer on Feb 1, 2017.
             Slain by a gnoll
             ... wielding a +0 spear
              (8 damage)
             ... on level 2 of the Dungeon.
             The game lasted 00:01:19 (1277 turns).

Naow the Conjurer (Deep Elf Conjurer)               Turns: 1277, Time: 00:01:19

Health: -3/19      AC:  2    Str:  5    XL:     3   Next: 23%
Magic:  8/10       EV: 13    Int: 20    God:
Gold:   53         SH:  0    Dex: 15    Spells: 2 memorised, 6 levels left

rFire  . . .     SeeInvis .     (no weapon)
rCold  . . .     Gourm    .     a - +0 robe
rNeg   . . .     Faith    .     (no shield)
rPois  .         Spirit   .     (no helmet)
rElec  .         Reflect  .     (no cloak)
rCorr  .         Harm     .     (no gloves)
MR     .....                    (no boots)
Stlth  ++........               (no amulet)
                                (no ring)
                                (no ring)

@: no status effects
A: no striking features
a: no special abilities


You were on level 2 of the Dungeon.
You were hungry.

You visited 1 branch of the dungeon, and saw 2 of its levels.

You collected 53 gold pieces.

Inventory:

Armour
 a - a +0 robe (worn)
Jewellery
 g - a +3 ring of protection {unknown}
 n - a cursed ring of teleportation {unknown}
Scrolls
 f - a scroll of teleportation {unknown}
 i - a scroll of blinking {unknown}
 j - a scroll of remove curse {unknown}
 l - a scroll of immolation {unknown}
Potions
 d - a potion of heal wounds {unknown}
 e - a potion of brilliance {unknown}
 h - a potion of resistance {unknown}
 k - a potion of berserk rage {unknown}
 m - a potion of agility {unknown}
Books
 b - a book of Conjurations

   Spells                             Type                      Level
   a - Magic Dart                     Conjuration                  1
   b - Searing Ray                    Conjuration                  2
   c - Dazzling Spray                 Conjuration/Hexes            3
   d - Fulminant Prism                Conjuration/Hexes            4
   e - Iskenderun's Mystic Blast      Conjuration                  4
   f - Iskenderun's Battlesphere      Conjuration/Charms           5
Comestibles
 c - a bread ration
 o - a meat ration


   Skills:
 - Level 2.4 Dodging
 - Level 2.4 Stealth
 + Level 3.6 Spellcasting
 * Level 5.3 Conjurations


You had 6 spell levels left.
You knew the following spells:

 Your Spells              Type           Power        Failure   Level  Hunger
a - Magic Dart            Conj           ###.         1%          1    None
b - Searing Ray           Conj           ###...       2%          2    ##.....


Dungeon Overview and Level Annotations

Branches:
Dungeon (2/15)

Altars:


Message History

You can't see any susceptible monsters within range! (Use Z to cast anyway.)
There is a stone staircase leading down here.
You see here a dagger of pain.
You climb downwards.
The leopard gecko misses you. The gnoll completely misses you.
The leopard gecko misses you.
There is a stone staircase leading up, spattered with blood here.
Casting: Magic Dart
Confirm with . or Enter, or press ? or * to list all spells.
Aiming: Searing Ray
Press: ? - help, Shift-Dir - straight line, f - gnoll
Aim: a gnoll, wielding a spear The searing ray misses the leopard gecko.
The searing ray hits the gnoll.
The gnoll is heavily wounded. (Press . to maintain the ray.)
The gnoll hits you from afar with a spear!
The leopard gecko bites you.
* * * LOW HITPOINT WARNING * * *
The gnoll hits you from afar with a spear!
You die...

#.##..........
#.##.....l....
#.##.#.l#..###
######.g.gg..# .#
...##.##...l..... #
####.##.##...##..##.
#..#...gl..lg...#
..# #...#l##.#......
...
##...@##......... ..
##.######.#######
#.. .# #.. . #.## .
... .. ..


You could see a gnoll, a leopard gecko and a frilled lizard.

Vanquished Creatures
  A gnoll (D:1)
  A leopard gecko (D:2)
  3 giant cockroaches (D:1)
  6 goblins (D:1)
  5 hobgoblins (D:1)
  2 kobolds (D:1)
  A ball python (D:1)
  2 bats (D:1)
  3 frilled lizards (D:1)
24 creatures vanquished.

Notes
Turn   | Place    | Note
-------+----------+-------------------------------------------
     0 | D:1      | Naow the Deep Elf Conjurer began the quest for the Orb.
     0 | D:1      | Reached XP level 1. HP: 10/10 MP: 6/6
   220 | D:1      | Reached XP level 2. HP: 15/15 MP: 5/8
   467 | D:1      | Reached skill level 5 in Conjurations
  1090 | D:1      | Reached XP level 3. HP: 9/19 MP: 3/10
  1094 | D:1      | Learned a level 2 spell: Searing Ray
  1277 | D:2      | Slain by a gnoll

Skill      XL: |  1  2 |
---------------+-------+-----
Conjurations   | 5 |  5.3
Dodging        | |  2.4
Stealth        | |  2.4
Spellcasting   | |  3.6

Action                   || total
-------------------------++-------
 Cast: Magic Dart        ||    51
       Searing Ray       ||     1
Armor: Robe              ||     1
Dodge: Dodged            ||    10
